 Dungeon Crawl Stone Soup version 0.29-a0-617-g7a6b98fccd (webtiles) character file.

Game seed: 7635638426235084585

61 Kaemin the Covered (level 3, -2/34 HPs)
             Began as a Minotaur Fighter on June 18, 2022.
             Was an Initiate of Wu Jian.
             Slain by a water moccasin (3 damage)
             ... on level 3 of the Dungeon.
             The game lasted 00:08:43 (1461 turns).

Kaemin the Covered (Minotaur Fighter)               Turns: 1461, Time: 00:08:44

Health: -2/34      AC:  7    Str: 22    XL:     3   Next: 83%
Magic:  2/2        EV:  9    Int:  5    God:    Wu Jian [......]
Gold:   108        SH:  0    Dex:  9    Spells: 2/2 levels left

rFire   . . .      SeeInvis .   l - +0 great sword
rCold   . . .      Faith    .   (shield currently unavailable)
rNeg    . . .      Spirit   .   b - +0 scale mail
rPois   .          Reflect  .   (helmet restricted)
rElec   .          Harm     .   (no cloak)
rCorr   .          Rampage  .   (no gloves)
Will    .....                   (no boots)
Stlth   ..........              (no amulet)
HPRegen 0.11/turn               k - ring of wizardry
MPRegen 0.08/turn               (no ring)

@: mighty, lethally poisoned (-2 -> -12)
A: horns 2, retaliatory headbutt
a: Renounce Religion


You were on level 3 of the Dungeon.
You worshipped Wu Jian.
Wu Jian was noncommittal.
You visited 1 branch of the dungeon, and saw 3 of its levels.

You collected 108 gold pieces.

Inventory:

Hand Weapons
 a - a +0 trident
 l - a +0 great sword (weapon)
Armour
 b - a +0 scale mail (worn)
 c - a +0 buckler
Jewellery
 k - a ring of wizardry (left hand)
Scrolls
 e - 2 scrolls of torment {unknown}
 f - 3 scrolls of identify {unknown}
 g - 2 scrolls of poison {unknown}
 h - a scroll of vulnerability {unknown}
 i - a scroll of immolation {unknown}
Potions
 d - a potion of might
 j - a potion of mutation {unknown}


   Skills:
 + Level 4.4 Fighting
 + Level 1.0 Long Blades
 + Level 2.7 Polearms
 + Level 4.4 Armour
 + Level 0.2 Dodging
 + Level 4.0 Shields


You had 2 spell levels left.
You didn't know any spells.
Your spell library contained the following spells:

 Spells                   Type           Power      Damage    Failure   Level
 Conjure Flame            Conj/Fire      0%         6-21      82%         3
 Fireball                 Conj/Fire      0%         3d3       100%        5
 Conjure Ball Lightning   Conj/Air       0%         3x3d6     100%        6


Dungeon Overview and Level Annotations

Branches:
Dungeon (3/15)

Altars:
Cheibriados
Wu Jian

Shops:
D:1 (


Innate Abilities, Weirdness & Mutations

You have a pair of horns on your head.
You reflexively headbutt those who attack you in melee.


Message History

You lunge at the orc.
You barely miss the orc. Your headbutt misses the orc.
The orc barely misses you. You furiously retaliate!
You headbutt the orc. You hit the orc. You headbutt the orc.
You kill the orc!
The Council accepts your kill.
No target in view!
Found a sedimented silvery potion.
j - a sedimented silvery potion
Found a stone staircase leading down.
There is a stone staircase leading down here.
A water moccasin comes into view.
The water moccasin hisses angrily.
You lunge at the water moccasin.
You barely miss the water moccasin. The water moccasin bites you.
You are poisoned.
The water moccasin poisons you! The water moccasin closely misses you.
You closely miss the water moccasin.
You feel very sick.
The water moccasin bites you but does no damage.
The water moccasin bites you!
You are lethally poisoned!
The water moccasin poisons you!
The water moccasin attacks as you move away!
The water moccasin closely misses you. You furiously retaliate!
You headbutt the water moccasin.
You feel very sick.
* * * LOW HITPOINT WARNING * * *
You feel very sick. The water moccasin closely misses you.
You furiously retaliate!
You headbutt the water moccasin.
You feel very mighty all of a sudden.
* * * LOW HITPOINT WARNING * * *
You feel very sick.
The water moccasin bites you but does no damage.
You barely miss the water moccasin. You headbutt the water moccasin!
The water moccasin is severely wounded.
* * * LOW HITPOINT WARNING * * *
You feel very sick. The water moccasin bites you.
You die...

#.# .# #.# .. ... .# ###
#.# # .# ..# #.#.# .#
###.###.#.## .#
...........#
.############.###S####.##
................@........
.#.......####.###.####.##
.#.......# #.# #.#
.#.......# #.# #.#
.############.###.#### .#
#..>............. .#
#.#..............
.#####.######.###.####
..............# #.# #.#


You could see a water moccasin.

Vanquished Creatures
  Terence (D:3)
  An adder (D:3)
  5 orcs (D:3)
  A bat (D:1)
  2 endoplasms
  A giant cockroach (D:2)
  3 goblins
  2 hobgoblins
  A ball python (D:1)
  3 frilled lizards
  2 rats (D:3)
22 creatures vanquished.

Notes
Turn   | Place    | Note
-------+----------+-------------------------------------------
     0 | D:1      | Kaemin the Minotaur Fighter began the quest for the Orb.
     0 | D:1      | Reached XP level 1. HP: 19/19 MP: 0/0
    79 | D:1      | Found Ippob's Weapon Boutique.
   242 | D:1      | Got the Reference Book on Confrontation
   482 | D:2      | Reached XP level 2. HP: 27/27 MP: 1/1
   570 | D:2      | You fall into a shaft and drop 1 floor!
   698 | D:3      | Found an ornate altar of the Wu Jian Council.
   883 | D:3      | Reached XP level 3. HP: 28/33 MP: 2/2
   982 | D:3      | Found a faded altar of an unknown god.
   995 | D:3      | Noticed Terence
  1007 | D:3      | Killed Terence
  1008 | D:3      | Reached skill level 1 in Long Blades
  1269 | D:3      | Found a snail-covered altar of Cheibriados.
  1348 | D:3      | Became a worshipper of the Wu Jian Council
  1454 | D:3      | Noticed a water moccasin
  1461 | D:3      | HP: 1/34 [poisoned by a water moccasin]
  1461 | D:3      | Slain by a water moccasin

Illustrated notes

Levels and vault maps discovered:
D:1:      lemuel_arrival_tunnels, layout_rooms, serial_shops, shop
D:2:      layout_basic, serial_shops, nicolae_shop_waterfront,
          nicolae_underground_beach
D:3:      layout_basic, lemuel_tele_altar, mainiacjoe_overflow_brackets,
          hellmonk_ecumenical_altar_arch_garden, uniq_terence, uniq_grinder,
          uniq_sigmund

Skill      XL: |  1  2  3 |
---------------+----------+-----
Fighting       | 4 |  4.4
Armour         | 4 |  4.4
Shields        | 4 |  4.0
Long Blades    | 1 |  1.0
Polearms       | |  2.7
Dodging        | |  0.2

Action                   || total
-------------------------++-------
Melee: Trident           ||    29
       Headbutt          ||     7
       Great sword       ||    34
Invok: Lunge             ||     2
  Use: Potion            ||     3
Armor: Scale mail        ||    33
Dodge: Dodged            ||    28
Block: Buckler           ||     4

Table legend: (Time is in decaauts)
 A = Elapsed time spent in this place.
 B = Non-inter-level travel time spent in this place.
 C = Inter-level travel time spent in this place.
 D = Time resting spent in this place.
 E = Time spent auto-exploring this place.
 F = Levels seen in this place.
 G = Mean time per level.
                   A        B        C        D        E       F      G
               +--------+--------+--------+--------+--------+-----+--------+
         Total |   1487 |   1124 |    363 |      0 |    665 |   3 |  495.7 |
       Dungeon |   1487 |   1124 |    363 |      0 |    665 |   3 |  495.7 |
               +--------+--------+--------+--------+--------+-----+--------+

Top non-repeatable levels by time:
     D:3: 914 daAuts
     D:1: 469 daAuts
     D:2: 103 daAuts
